 Dungeon Crawl Stone Soup version 0.25-a0-869-g05d4e06a41 (webtiles) character file.

Game seed: 4712865395218874790, levelgen mode: deterministic

32 Glorfindel the Changer (level 3, 7/15 HPs)
             Began as a Felid Transmuter on Apr 30, 2020.
             Got out of the dungeon alive.
             The game lasted 00:14:34 (2245 turns).

Glorfindel the Changer (Felid Transmuter)           Turns: 2245, Time: 00:14:34

Health: 7/15       AC:  1    Str:  6    XL:     3   Next: 10%
Magic:  7/7        EV: 20    Int: 15    God:
Gold:   77         SH:  0    Dex: 16    Spells: 0/6 levels left
                                        Lives:  0   Deaths: 1

rFire    . . .     SeeInvis +     - Unarmed
rCold    . . .     Gourm    .   (shield unavailable)
rNeg     . . .     Faith    .   (armour unavailable)
rPois    .         Spirit   .   (helmet unavailable)
rElec    .         Reflect  .   (cloak unavailable)
rCorr    .         Harm     .   (gloves unavailable)
MR       .....                  (boots unavailable)
Stlth    ++........             (no amulet)
HPRegen  0.05/turn              e - +2 ring of evasion
MPRegen  0.10/turn              (no ring)

@: quick
A: very small, no armour, no weapons or thrown items, stealth, claws 1, fangs 3,
see invisible, carnivore, speed 1, shaggy fur 1, slow metabolism 1, sharp paws
a: no special abilities


You escaped.
You were not hungry.

You visited 1 branch of the dungeon, and saw 3 of its levels.

You collected 77 gold pieces.

Inventory:

Missiles
 a - 4 arrows
 k - 25 stones
Jewellery
 e - a +2 ring of evasion (left paw)
Scrolls
 d - 2 scrolls of remove curse
 f - a scroll of magic mapping {!r}
 i - a scroll of identify
 l - a scroll of random uselessness {unknown}
Potions
 b - a potion of haste {unknown}
Comestibles
 c - 2 rations


   Skills:
 - Level 1.0 Fighting
 - Level 2.6 Dodging
 - Level 2.0 Stealth
 - Level 3.0 Unarmed Combat
 - Level 2.0 Spellcasting
 - Level 4.0 Transmutations
 + Level 1.4 Poison Magic


You couldn't memorise any spells.
You knew the following spells:

 Your Spells              Type           Power        Failure   Level  Hunger
s - Sticks to Snakes      Tmut           ##......     6%          2    ###....
z - Beastly Appendage     Tmut           ##....       4%          1    #......
X - Spider Form           Tmut/Pois      #.........   22%         3    ###....

Your spell library contained the following spells:

 Spells                   Type           Power        Failure   Level  Hunger
 Ice Form                 Ice/Tmut       #.......     67%         4    #####..
 Blade Hands              Tmut           ##........   75%         5    ######.


Dungeon Overview and Level Annotations

Branches:
Dungeon (3/15)

Altars:
Elyvilon

Annotations:
D:2 MAPPED, Natasha


Innate Abilities, Weirdness & Mutations

You cannot wear armour.
You are incapable of wielding weapons or throwing items.
Your paws allow you to move quietly. (Stealth)
You have sharp claws.
You have razor-sharp teeth.
You have supernaturally acute eyesight. (SInv)
You are carnivorous and can eat meat at any time.
You cover ground quickly.
You are covered in fur. (AC +1)
You have a slow metabolism.
Your sharp claws are effective at attacking unaware monsters.


Message History

There is a stone staircase leading up here.
The bat closely misses you. The bat barely misses you.
You climb upwards.
There is a stone staircase leading down here.
You scratch the bat.
The bat is severely wounded.
The bat hits you.
* * * LOW HITPOINT WARNING * * *
The bat completely misses you. The bat completely misses you. The bat hits you.
* * * LOW HITPOINT WARNING * * *
The bat closely misses you. The bat completely misses you.
The bat hits you but does no damage. The bat closely misses you.
There is a staircase leading out of the dungeon here.
Are you sure you want to leave the Dungeon?
This will make you lose the game! The bat hits you but does no damage.
You have escaped!

##≈≈≈≈≈.≈≈≈≈###
#......#
#≈≈≈≈≈≈.≈...#
#.....##
≈≈≈≈........#
#....##
≈≈#....)....#
#.####
≈≈#.........#
#.####
#.........#
#....#
#......b..#
#.##.####
#.........#
#.##....#
#>.......@#
#######.#
########### #.#
###### ### #.#
#....####.# #)#
## ####..##..#
#.# #. ##....##
#.###. ####...#
#..... #.....##
####.. ##)###.#
##..


You could see a bat.

Vanquished Creatures
  Natasha (D:2)
  An adder (D:2)
  2 dart slugs (D:1)
  A leopard gecko (D:2)
  A giant cockroach (D:1)
  4 goblins
  4 hobgoblins (D:1)
  3 jackals
  A ball python (D:2)
  5 bats
  A kobold (D:1)
  5 rats (D:1)
29 creatures vanquished.

Vanquished Creatures (collateral kills)
  An adder (D:2)
  An orc (D:2)
  A ball python (D:2)
3 creatures vanquished.

Grand Total: 32 creatures vanquished

Notes
Turn   | Place    | Note
-------+----------+-------------------------------------------
     0 | D:1      | Glorfindel the Felid Transmuter began the quest for the
                  | Orb.
     0 | D:1      | Reached XP level 1. HP: 9/9 MP: 4/4
   179 | D:1      | Reached skill level 1 in Stealth
   212 | D:1      | //+2 ring ev
   283 | D:1      | Reached XP level 2. HP: 7/12 MP: 6/6
   460 | D:1      | Learned a level 2 spell: Sticks to Snakes
   704 | D:1      | Reached skill level 3 in Transmutations
   942 | D:1      | //[97 oap]
  1368 | D:2      | Reached XP level 3. HP: 15/15 MP: 5/7
  1369 | D:2      | //Int
  1435 | D:2      | Found a white marble altar of Elyvilon.
  1568 | D:2      | Reached skill level 4 in Transmutations
  1574 | D:2      | //blind quaff curing
  1690 | D:2      | Learned a level 3 spell: Spider Form
  1709 | D:2      | Noticed Natasha
  1733 | D:2      | Killed Natasha
  1733 | D:2      | Reached skill level 1 in Poison Magic
  1733 | D:2      | Reached XP level 4. HP: 13/19 MP: 5/8
  1734 | D:2      | //1 HP and last chance quaff pot -> hw
  1801 | D:2      | Noticed Natasha
  1806 | D:2      | //natasha has wand flame
  1839 | D:1      | //emergency read - id -> id fear :-)
  2165 | D:3      | Slain by a worker ant
  2166 | D:3      | Reached XP level 3. HP: 0/15 MP: 4/7
  2245 | D:$      | Got out of the dungeon alive.

Levels and vault maps discovered:
D:1:      lemuel_arrival_river_bridge, layout_rooms
D:2:      layout_basic, st_stairs_5, elyvilon_altar_5, uniq_natasha
D:3:      layout_basic

Skill      XL: |  1  2  3 |
---------------+----------+-----
Stealth        | 2 |  2.0
Transmutations | 3 4 |  4.0
Poison Magic   | 1 |  1.4
Fighting       | |  1.0
Dodging        | |  2.6
Unarmed Combat | |  3.0
Spellcasting   | |  2.0

Action                   |  1- 3 |  4- 6 || total
-------------------------+-------+-------++-------
Melee: Unarmed           |    91 |    25 ||   116
       Headbutt          |    14 |     3 ||    17
       Bite              |     3 |     2 ||     5
 Cast: Beastly Appendage |    18 |     2 ||    20
       Sticks to Snakes  |     7 |     1 ||     8
  Use: Potion            |     5 |       ||     5
       Scroll            |     2 |     2 ||     4
 Stab: Sleeping          |     3 |     1 ||     4
  Eat: Chunk             |    10 |     1 ||    11
Armor: Skin              |    13 |     2 ||    15
Dodge: Dodged            |   133 |    23 ||   156

Table legend:
 A = Non-vault XP
 B = Vault XP
 C = Vault XP percentage of total XP
 D = Non-vault monster count
 E = Vault monster count
 F = Vault count percentage of total count
                 A         B        C        D         E       F
            +---------+---------+-------+---------+---------+-------
      Total |      62 |      46 |  42.6 |      29 |       3 |   9.4
            +---------+---------+-------+---------+---------+-------
        D:1 |      38 |       0 |   0.0 |      21 |       0 |   0.0
        D:2 |      22 |      46 |  67.6 |       7 |       3 |  30.0
        D:3 |       2 |       0 |   0.0 |       1 |       0 |   0.0
            +---------+---------+-------+---------+---------+-------
